IL
GWINNETT BRAVES @ MEMPHIS REDBIRDS
09/04/2044
 
TOP OF THE 1ST
Gwinnett Braves batting - Pitching for Memphis Redbirds : LHP Justin Harris
Pitching: LHP Justin Harris
Batting: LHB Ricky Ayon 0-0: Ball
1-0: Swinging Strike
1-1: Called Strike
1-2: Ball
2-2: Ball
3-2: SINGLE (Groundball, 3D, EV 104.4 MPH)
Batting: RHB Josh Whitmore 0-0: Ball
1-0: Foul Ball, location: 2F
1-1: Ball
2-1: Ball
3-1: Base on Balls
Ricky Ayon to second
Batting: RHB Luis Revilla 0-0: Foul Ball, location: 2F
0-1: Ball
1-1: Foul Ball, location: 2F
1-2: Strikes out swinging
Batting: RHB Jake Lang 0-0: Ball
1-0: Foul Ball, location: 2F
1-1: Swinging Strike
1-2: Strikes out looking
Batting: RHB Alex Munoz 0-0: Foul Ball, location: 2F
0-1: Ball
1-1: Foul Ball, location: 2F
1-2: Ball
2-2: Strikes out swinging
Top of the 1st over - 0 runs, 1 hit, 0 errors, 2 left on base; Gwinnett 0 - Memphis 0
BOTTOM OF THE 1ST
Memphis Redbirds batting - Pitching for Gwinnett Braves : LHP Eduardo Baez
Pitching: LHP Eduardo Baez
Batting: RHB Josh Hoeye 0-0: Swinging Strike
0-1: Ball
1-1: Ball
2-1: Fly out, F7 (Flyball, 78XD, EV 100.6 MPH)
Batting: LHB Tom Butterbaugh 0-0: Called Strike
0-1: Swinging Strike
0-2: Foul Ball, location: 2F
0-2: Ball
1-2: Ball
2-2: Strikes out looking
Batting: LHB Tim Olsen 0-0: Ball
1-0: Called Strike
1-1: Ball
2-1: SINGLE (Groundball, 4D, EV 102.5 MPH)
Batting: SHB Quido van Erp 0-0: Ball
1-0: Called Strike
1-1: Called Strike
1-2: Foul Ball, location: 2F
1-2: Ball
2-2: Ball
3-2: Foul Ball, location: 2F
3-2: Base on Balls
Tim Olsen to second
Batting: SHB Luke Robbins 0-0: Ball
1-0: Fielders Choice at 2nd, 6-4 (Groundball, 6, EV 80.0 MPH)
Bottom of the 1st over - 0 runs, 1 hit, 0 errors, 2 left on base; Gwinnett 0 - Memphis 0
TOP OF THE 2ND
Gwinnett Braves batting - Pitching for Memphis Redbirds : LHP Justin Harris
Batting: RHB Jesse Lester 0-0: Ball
1-0: Ball
2-0: Called Strike
2-1: Foul Ball, location: 2F
2-2: Strikes out swinging
Batting: RHB T.J. Jordan 0-0: Ball
1-0: Ball
2-0: Called Strike
2-1: DOUBLE (Line Drive, 7LS, EV 106.9 MPH)
Batting: RHB Ethan McCullough 0-0: Foul Ball, location: 2F
0-1: Foul Ball, location: 2F
0-2: Ball
1-2: Ball
2-2: Ground out 3-1 (Groundball, 34S, EV 91.9 MPH)
T.J. Jordan to third
Batting: LHB Jose Chinchilla 0-0: Called Strike
0-1: Swinging Strike
0-2: Strikes out looking
Top of the 2nd over - 0 runs, 1 hit, 0 errors, 1 left on base; Gwinnett 0 - Memphis 0
BOTTOM OF THE 2ND
Memphis Redbirds batting - Pitching for Gwinnett Braves : LHP Eduardo Baez
Batting: RHB Travis Leonard 0-0: Ball
1-0: Ball
2-0: SINGLE (Line Drive, 7S, EV 101.3 MPH)
Batting: RHB Josh Lyon 0-0: Ball
1-0: Foul Ball, location: 2F
1-1: Grounds into double play, 4-6-3 (Groundball, 4, EV 91.9 MPH)
Batting: RHB Jason Keller 0-0: Fly out, F8 (Flyball, 8RS, EV 88.1 MPH)
Bottom of the 2nd over - 0 runs, 1 hit, 0 errors, 0 left on base; Gwinnett 0 - Memphis 0
TOP OF THE 3RD
Gwinnett Braves batting - Pitching for Memphis Redbirds : LHP Justin Harris
Batting: LHB Ricky Ayon 0-0: SINGLE (Groundball, 6S, EV 64.4 MPH) (infield hit)
Batting: RHB Josh Whitmore 0-0: Called Strike
0-1: Ball
1-1: Called Strike
1-2: Strikes out looking
Batting: RHB Luis Revilla 0-0: Called Strike
0-1: Ball
1-1: Ball
2-1: Foul Ball, location: 2F
2-2: Ball
3-2: Base on Balls
Ricky Ayon to second
Batting: RHB Jake Lang 0-0: Called Strike
Ricky Ayon steals 3rd base
0-1: Ball
1-1: Fly out, F9 (Flyball, 9D, EV 89.4 MPH)
Runner from 3rd tags up, SCORES, no throw by RF
Batting: RHB Alex Munoz Pickoff Throw to First - Out! 1-3
Top of the 3rd over - 1 run, 1 hit, 0 errors, 0 left on base; Gwinnett 1 - Memphis 0
BOTTOM OF THE 3RD
Memphis Redbirds batting - Pitching for Gwinnett Braves : LHP Eduardo Baez
Batting: LHB Jesus Ramirez 0-0: SINGLE (Flyball, 78S, EV 88.1 MPH)
Batting: RHB Josh Hoeye 0-0: Fly out, F8 (Line Drive, 8LM, EV 100.0 MPH)
Batting: LHB Tom Butterbaugh 0-0: DOUBLE (Flyball, 8RXD, EV 89.4 MPH)
Jesus Ramirez to third
Batting: LHB Tim Olsen 0-0: Reached on error, E9 (Flyball, 9D, EV 101.9 MPH)
Jesus Ramirez scores
Tom Butterbaugh to third
Batting: SHB Quido van Erp 0-0: Ball
1-0: SINGLE (Groundball, 5S, EV 65.6 MPH) (infield hit)
Tom Butterbaugh scores
Tim Olsen to second
Batting: SHB Luke Robbins 0-0: Foul Ball, location: 2F
0-1: Foul Ball, location: 2F
0-2: Strikes out looking
Batting: RHB Travis Leonard 0-0: Called Strike
0-1: Ball
1-1: Foul Ball, location: 2F
1-2: Fielders Choice at 2nd, 5-4 (Groundball, 56, EV 105.6 MPH)
Bottom of the 3rd over - 2 runs, 3 hits, 1 error, 2 left on base; Gwinnett 1 - Memphis 2
TOP OF THE 4TH
Gwinnett Braves batting - Pitching for Memphis Redbirds : LHP Justin Harris
Batting: RHB Alex Munoz 0-0: Foul Ball, location: 2F
0-1: Ball
1-1: Foul Ball, location: 2F
1-2: Hit by Pitch
Batting: RHB Jesse Lester 0-0: Ball
Alex Munoz steals 2nd base
1-0: Called Strike
1-1: Foul Ball, location: 2F
1-2: Ground out U3 (Groundball, 34, EV 104.4 MPH)
Alex Munoz to third
Batting: RHB T.J. Jordan 0-0: Ball
1-0: Ball
2-0: Ground out 5-3 (Groundball, 56S, EV 68.1 MPH)
Alex Munoz scores
Batting: RHB Ethan McCullough 0-0: Ball
1-0: Ball
2-0: Foul Ball, location: 2F
2-1: Swinging Strike
2-2: Strikes out looking
Top of the 4th over - 1 run, 0 hits, 0 errors, 0 left on base; Gwinnett 2 - Memphis 2
BOTTOM OF THE 4TH
Memphis Redbirds batting - Pitching for Gwinnett Braves : LHP Eduardo Baez
Batting: RHB Josh Lyon 0-0: Ball
1-0: Called Strike
1-1: Called Strike
1-2: Strikes out swinging, 2-3 out at first.
Batting: RHB Jason Keller 0-0: Ball
1-0: SINGLE (Groundball, 4MD, EV 105.0 MPH)
Batting: LHB Jesus Ramirez 0-0: Ball
1-0: Ball
2-0: Called Strike
2-1: Swinging Strike
2-2: Hit by Pitch
Jason Keller to second
Batting: RHB Josh Hoeye 0-0: Ball
Jason Keller steals 3rd base
1-0: Ball
2-0: Swinging Strike
2-1: 3-RUN HOME RUN (Flyball, 7D, EV 93.8 MPH), Distance : 360 ft
Pitching: RHP Craig Noble
Batting: LHB Tom Butterbaugh 0-0: Foul Ball, location: 2F
0-1: Ground out 4-3 (Groundball, 4, EV 86.9 MPH)
Batting: LHB Tim Olsen 0-0: Foul Ball, location: 2F
0-1: Ground out U3 (Groundball, 3L, EV 86.3 MPH)
Bottom of the 4th over - 3 runs, 2 hits, 0 errors, 0 left on base; Gwinnett 2 - Memphis 5
TOP OF THE 5TH
Gwinnett Braves batting - Pitching for Memphis Redbirds : LHP Justin Harris
Batting: LHB Jose Chinchilla 0-0: Called Strike
0-1: Swinging Strike
0-2: Ball
1-2: Ball
2-2: Foul Ball, location: 2F
2-2: Strikes out swinging
Batting: LHB Ricky Ayon 0-0: Swinging Strike
0-1: Ball
1-1: Swinging Strike
1-2: Ball
2-2: Strikes out swinging
Batting: RHB Josh Whitmore 0-0: Swinging Strike
0-1: Foul Ball, location: 2F
0-2: Strikes out swinging
Top of the 5th over - 0 runs, 0 hits, 0 errors, 0 left on base; Gwinnett 2 - Memphis 5
BOTTOM OF THE 5TH
Memphis Redbirds batting - Pitching for Gwinnett Braves : RHP Craig Noble
Batting: SHB Quido van Erp 0-0: Ball
1-0: Ball
2-0: Called Strike
2-1: Ground out 4-3 (Groundball, 4, EV 100.6 MPH)
Batting: SHB Luke Robbins 0-0: Called Strike
0-1: SINGLE (Groundball, 4MS, EV 68.1 MPH) (infield hit)
Batting: RHB Travis Leonard 0-0: Called Strike
0-1: Swinging Strike
0-2: Ball
1-2: Foul Ball, location: 2F
1-2: Ball
2-2: Strikes out looking
Batting: RHB Josh Lyon 0-0: Ball
1-0: Ball
2-0: Ball
3-0: Fielders Choice at 2nd, U4 (Groundball, 4M, EV 106.9 MPH)
Bottom of the 5th over - 0 runs, 1 hit, 0 errors, 1 left on base; Gwinnett 2 - Memphis 5
TOP OF THE 6TH
Gwinnett Braves batting - Pitching for Memphis Redbirds : LHP Justin Harris
Batting: RHB Luis Revilla 0-0: Ball
1-0: Ball
2-0: Foul Ball, location: 2F
2-1: Called Strike
2-2: Ground out 6-3 (Groundball, 6S, EV 70.0 MPH)
Batting: RHB Jake Lang 0-0: Ball
1-0: Called Strike
1-1: Swinging Strike
1-2: Foul Ball, location: 2F
1-2: Strikes out swinging, 2-3 out at first.
Batting: RHB Alex Munoz 0-0: Ball
1-0: Ball
2-0: Ball
3-0: Called Strike
3-1: Base on Balls
Batting: RHB Jesse Lester 0-0: Ball
1-0: Called Strike
1-1: Ball
2-1: Ball
3-1: Foul Ball, location: 2F
3-2: Base on Balls
Alex Munoz to second
Pitching: RHP Cory Falcon
Batting: RHB T.J. Jordan 0-0: Ball
1-0: Ball
2-0: Called Strike
2-1: SINGLE (Groundball, 56D, EV 99.4 MPH)
Alex Munoz to third
Jesse Lester to second
Runner from 3rd tries for Home, SAFE, throw by LF to home
Batting: RHB Ethan McCullough 0-0: Called Strike
0-1: Called Strike
0-2: Foul Ball, location: 2F
0-2: Strikes out swinging
Top of the 6th over - 1 run, 1 hit, 0 errors, 2 left on base; Gwinnett 3 - Memphis 5
BOTTOM OF THE 6TH
Memphis Redbirds batting - Pitching for Gwinnett Braves : RHP Craig Noble
Batting: RHB Jason Keller 0-0: Called Strike
0-1: Fly out, F9 (Flyball, 9LS, EV 88.8 MPH)
Batting: LHB Jesus Ramirez 0-0: Ball
1-0: Ball
2-0: Foul Ball, location: 2F
2-1: SOLO HOME RUN (Flyball, 7D, EV 94.4 MPH), Distance : 369 ft
Batting: RHB Josh Hoeye 0-0: Ground out 5-3 (Groundball, 56, EV 80.6 MPH)
Batting: LHB Tom Butterbaugh 0-0: Ball
1-0: Called Strike
1-1: Ball
2-1: Swinging Strike
2-2: Ball
3-2: Foul Ball, location: 2F
3-2: Base on Balls
Batting: LHB Tim Olsen 0-0: Swinging Strike
0-1: Foul Ball, location: 2F
0-2: Ball
Tom Butterbaugh steals 2nd base
1-2: Ground out 4-3 (Groundball, 34D, EV 110.6 MPH)
Bottom of the 6th over - 1 run, 1 hit, 0 errors, 1 left on base; Gwinnett 3 - Memphis 6
TOP OF THE 7TH
Gwinnett Braves batting - Pitching for Memphis Redbirds : RHP Cory Falcon
Batting: LHB Jose Chinchilla 0-0: Ball
1-0: Ball
2-0: Fly out, F6 (Line Drive, 6, EV 66.9 MPH)
Batting: LHB Ricky Ayon 0-0: Ball
1-0: Called Strike
1-1: Called Strike
1-2: Ball
2-2: Strikes out swinging
Batting: RHB Josh Whitmore 0-0: SINGLE (Groundball, 5S, EV 61.3 MPH) (infield hit)
Batting: RHB Luis Revilla 0-0: Ball
1-0: Foul Ball, location: 2F
1-1: Called Strike
1-2: Ground out U3 (Groundball, 3, EV 93.1 MPH)
Top of the 7th over - 0 runs, 1 hit, 0 errors, 1 left on base; Gwinnett 3 - Memphis 6
BOTTOM OF THE 7TH
Memphis Redbirds batting - Pitching for Gwinnett Braves : RHP Craig Noble
Pitching: RHP Alan Shanahan
Batting: SHB Quido van Erp 0-0: Called Strike
0-1: Swinging Strike
0-2: Ball
1-2: Strikes out swinging
Batting: SHB Luke Robbins 0-0: SINGLE (Groundball, 4MS, EV 66.9 MPH) (infield hit)
Batting: RHB Travis Leonard 0-0: Ball
Luke Robbins steals 2nd base
1-0: Called Strike
1-1: SINGLE (Line Drive, 89M, EV 91.3 MPH)
Luke Robbins to third
Batting: RHB Josh Lyon 0-0: Ball
Travis Leonard steals 2nd base
1-0: Ball
2-0: Foul Ball, location: 2F
2-1: Foul Ball, location: 2F
2-2: Ball
3-2: DOUBLE (Line Drive, 7D, EV 89.4 MPH)
Luke Robbins scores
Travis Leonard scores
Batting: RHB Jason Keller 0-0: Swinging Strike
0-1: Swinging Strike
0-2: Ball
1-2: Ground out 5-3 (Groundball, 56S, EV 89.4 MPH)
Batting: LHB Jesus Ramirez 0-0: Foul Ball, location: 2F
0-1: Foul Ball, location: 2F
0-2: Ball
1-2: Strikes out swinging
Bottom of the 7th over - 2 runs, 3 hits, 0 errors, 1 left on base; Gwinnett 3 - Memphis 8
TOP OF THE 8TH
Gwinnett Braves batting - Pitching for Memphis Redbirds : RHP Cory Falcon
Batting: RHB Jake Lang 0-0: Called Strike
0-1: Swinging Strike
0-2: Strikes out swinging
Batting: RHB Alex Munoz 0-0: Ball
1-0: Called Strike
1-1: Ball
2-1: Ground out 5-3 (Groundball, 56S, EV 73.8 MPH)
Batting: RHB Jesse Lester 0-0: Ball
1-0: Called Strike
1-1: Ball
2-1: Ball
3-1: Base on Balls
Pitching: RHP Alfonso Garza
Batting: RHB T.J. Jordan 0-0: Swinging Strike
0-1: Ball
1-1: Called Strike
1-2: Foul Ball, location: 2F
1-2: Strikes out swinging
Top of the 8th over - 0 runs, 0 hits, 0 errors, 1 left on base; Gwinnett 3 - Memphis 8
BOTTOM OF THE 8TH
Memphis Redbirds batting - Pitching for Gwinnett Braves : RHP Alan Shanahan
Batting: RHB Josh Hoeye 0-0: Ball
1-0: Foul Ball, location: 2F
1-1: Foul Ball, location: 2F
1-2: Ball
2-2: Ground out 6-3 (Groundball, 6, EV 78.8 MPH)
Batting: LHB Tom Butterbaugh 0-0: Ball
1-0: Swinging Strike
1-1: Foul Ball, location: 2F
1-2: Ball
2-2: Ball
3-2: Ground out 6-3 (Groundball, 6M, EV 83.8 MPH)
Batting: LHB Tim Olsen 0-0: Called Strike
0-1: Swinging Strike
0-2: Strikes out swinging, 2-3 out at first.
Bottom of the 8th over - 0 runs, 0 hits, 0 errors, 0 left on base; Gwinnett 3 - Memphis 8
TOP OF THE 9TH
Gwinnett Braves batting - Pitching for Memphis Redbirds : RHP Alfonso Garza
Batting: RHB Ethan McCullough 0-0: Ball
1-0: Called Strike
1-1: Ball
2-1: Foul Ball, location: 2F
2-2: Foul Ball, location: 2F
2-2: Foul Ball, location: 2F
2-2: Strikes out looking
Batting: LHB Jose Chinchilla 0-0: SINGLE (Flyball, 8RS, EV 91.3 MPH)
Batting: LHB Ricky Ayon 0-0: Ball
1-0: Called Strike
1-1: Foul Ball, location: 2F
1-2: Foul Ball, location: 2F
1-2: Ball
2-2: Fly out, F8 (Flyball, 8RS, EV 95.6 MPH)
Batting: RHB Josh Whitmore 0-0: Ball
1-0: Ball
2-0: Ball
3-0: Called Strike
3-1: Base on Balls
Jose Chinchilla to second
Batting: RHB Luis Revilla 0-0: Foul Ball, location: 2F
0-1: DOUBLE (Groundball, 5L, EV 105.6 MPH)
Jose Chinchilla scores
Josh Whitmore to third
Pitching: RHP Rodolfo Mendez
Batting: RHB Jake Lang 0-0: Called Strike
0-1: Foul Ball, location: 2F
0-2: Ball
1-2: Ball
2-2: Strikes out swinging
Top of the 9th over - 1 run, 2 hits, 0 errors, 2 left on base; Gwinnett 4 - Memphis 8
Thursday, March 31st , 2022 - OOTP Baseball 22.12 Build 89